 Dungeon Crawl Stone Soup version 0.31.0-12-g77e489cdc1 (webtiles) character file.

Game seed: 6891766486572390487

405 lordive the Twirler (level 6, -1/51 HPs)
             Began as a Minotaur Gladiator on Feb 28, 2024.
             Slain by a black bear (4 damage)
             ... on level 4 of the Dungeon.
             The game lasted 00:02:27 (2702 turns).

lordive the Twirler (Minotaur Gladiator)            Turns: 2702, Time: 00:02:27

Health: -1/51      AC:  3    Str: 21    XL:     6   Next: 56%
Magic:  5/5        EV: 13    Int:  5    God:
Gold:   151        SH:  0    Dex: 11    Spells: 5/5 levels left

rFire   . . .        a - +0 quarterstaff
rCold   . . .        (shield currently unavailable)
rNeg    . . .        b - +0 leather armour
rPois   .            c - +0 hat
rElec   .            (no cloak)
rCorr   .            (no gloves)
SInv    .            (no boots)
Will    .....        (no amulet)
Stlth   +            (no ring)
HPRegen 0.28/turn    (no ring)
MPRegen 0.09/turn

%: no passive effects
@: no status effects
A: horns 2, retaliatory headbutt
a: no special abilities


You were on level 4 of the Dungeon.
You visited 1 branch of the dungeon, and saw 4 of its levels.

You collected 151 gold pieces.

Inventory:

Hand Weapons
 a - a +0 quarterstaff (weapon)
Missiles
 d - 3 throwing nets (quivered)
 e - a javelin
Armour
 b - a +0 leather armour (worn)
 c - a +0 hat (worn)
Jewellery
 i - a +6 ring of dexterity
Wands
 n - a wand of flame (23)
Scrolls
 j - a scroll of teleportation {unknown}
 l - 7 scrolls of identify {unknown}
 m - a scroll of poison {unknown}
 p - a scroll of revelation {unknown}
Potions
 f - 2 potions of invisibility {unknown}
 g - 2 potions of curing {unknown}
 h - 4 potions of attraction {unknown}
 k - 2 potions of ambrosia {unknown}
 o - a potion of mutation {unknown}


   Skills:
 + Level 3.4 Fighting
 + Level 6.7 Staves
 + Level 2.0 Throwing
 + Level 3.2 Armour
 + Level 4.7 Dodging
 + Level 0.1 Stealth


You had 5 spell levels left.
You didn't know any spells.
Your spell library contained the following spells:

 Spells                   Type           Power      Damage    Failure   Level
 Call Imp                 Summ           0%         N/A       67%         2
 Sublimation of Blood     Necr           0%         N/A       67%         2
 Hailstorm                Conj/Ice       0%         3d5       88%         3
 Summon Ice Beast         Ice/Summ       0%         N/A       88%         3
 Sculpt Simulacrum        Ice/Alch       0%         N/A       100%        6
 Summon Hydra             Summ           0%         N/A       100%        7


Dungeon Overview and Level Annotations

Branches:
Dungeon (4/15)
 Temple: D:4-7

Altars:
Zin


Innate Abilities, Weirdness & Mutations

You have a pair of horns on your head.
You reflexively headbutt those who attack you in melee.


Message History

You are too injured to fight recklessly!
A ribbon worm comes into view.
The hobgoblin attacks as it pursues you!
The hobgoblin misses you.
The hobgoblin attacks as it pursues you!
The hobgoblin closely misses you. The iguana bites you!
* * * LOW HITPOINT WARNING * * *
The iguana attacks as it pursues you! The iguana barely misses you.
Sorry, you're not good enough to have a special ability.
You sock the iguana!
The iguana is heavily wounded.
The iguana barely misses you.
You sock the iguana!
You kill the iguana!
You hit the hobgoblin.
The hobgoblin is severely wounded.
The hobgoblin hits you.
* * * LOW HITPOINT WARNING * * *
You sock the hobgoblin!
You kill the hobgoblin!
The ribbon worm expels a string of sticky webbing.
The stream of webbing hits you but does no damage.
You are caught in a web!
There is a web here.
Things that are here:
a hobgoblin corpse; an iguana corpse The web tears apart.
The ribbon worm bites you.
* * * LOW HITPOINT WARNING * * *
You sock the ribbon worm!
The ribbon worm is severely wounded.
The ribbon worm bites you.
* * * LOW HITPOINT WARNING * * *
You sock the ribbon worm!
You kill the ribbon worm!
You barely miss the black bear. You headbutt the black bear!
The black bear is moderately wounded.
The black bear bites you but does no damage.
The black bear claws you.
You die...

......# ......# ##.....##
....[.####### .......#
............# .......#
......#####.# ......##
####### #.#####........# #
###.#.....#......# #
#.....#####......# #
#####.#..#..@h.......#
#####...<......####.....##
...........###.#...h.#.##
##..........#...#...#.###
#.........#(###....)[...#
#.###.#####.# #.........#
#...).# ##....#(....#
#.$#### ............## ...
#............#


You could see a black bear.

Vanquished Creatures
  Sigmund (D:3)
  A bombardier beetle (D:3)
  A hound (D:3)
  An iguana (D:4)
  Jessica (D:3)
  An orc wizard (D:3)
  3 adders
  4 ribbon worms
  2 dart slugs
  9 orcs
  3 endoplasms
  A giant cockroach (D:3)
  6 hobgoblins
  2 quokkas (D:1)
  6 ball pythons
  3 bats
  3 frilled lizards (D:2)
  4 goblins
  3 kobolds (D:1)
  3 rats
58 creatures vanquished.

Notes
Turn   | Place    | Note
-------+----------+-------------------------------------------
     0 | D:1      | lordive the Minotaur Gladiator began the quest for the Orb.
     0 | D:1      | Reached XP level 1. HP: 18/18 MP: 0/0
   202 | D:1      | Reached skill level 4 in Staves
   220 | D:1      | Reached XP level 2. HP: 20/25 MP: 1/1
  1126 | D:2      | Found a faded altar of an unknown god.
  1134 | D:2      | Reached XP level 3. HP: 23/30 MP: 2/2
  1437 | D:3      | Reached skill level 5 in Staves
  1437 | D:3      | Reached skill level 1 in Armour
  1437 | D:3      | Reached XP level 4. HP: 28/37 MP: 3/3
  1621 | D:3      | Noticed Jessica
  1633 | D:3      | Killed Jessica
  1634 | D:3      | Reached XP level 5. HP: 23/45 MP: 4/4
  1894 | D:3      | Identified the +1 robe of Honour {Slay+3}
  2181 | D:3      | Found a glowing silver altar of Zin.
  2184 | D:3      | Noticed Sigmund
  2203 | D:3      | Killed Sigmund
  2204 | D:3      | Reached skill level 6 in Staves
  2204 | D:3      | Reached XP level 6. HP: 8/51 MP: 5/5
  2702 | D:4      | Slain by a black bear

Illustrated notes

Levels and vault maps discovered:
D:1:      heliophobic_arrival_ceremonial_halls, layout_basic
D:2:      layout_basic, ebering_ecumenical_altar_petrified
D:3:      layout_loops_corners, zin_academy, uniq_sigmund, uniq_jessica
D:4:      layout_rooms, nicolae_shop_gadgets

Skill      XL: |  1  2  3  4  5 |
---------------+----------------+-----
Staves         | 4 5 6 |  6.7
Armour         | 1 2 3 |  3.2
Dodging        | 4 |  4.7
Fighting       | 3 |  3.4
Throwing       | |  2.0
Stealth        | |  0.1

Action                     |  1- 3 |  4- 6 || total
---------------------------+-------+-------++-------
  Melee: Quarterstaff      |    47 |    69 ||   116
         Headbutt          |    10 |    14 ||    24
 Armour: Leather armour    |    23 |    37 ||    60
  Dodge: Dodged            |    29 |    36 ||    65
